 Dungeon Crawl Stone Soup version 0.20-a0-1127-g1289703 (webtiles) character file.

4130 MTVSty1e the Fighter (level 10, 0/81 HPs)
             Began as a Demonspawn Gladiator on May 18, 2017.
             Was an Initiate of Ru.
             Slain by a two-headed ogre
             ... wielding a +0 giant spiked club
              (19 damage)
             ... on level 8 of the Dungeon.
             The game lasted 00:18:21 (8343 turns).

MTVSty1e the Fighter (Demonspawn Gladiator)         Turns: 8343, Time: 00:18:22

Health: 0/81       AC: 15    Str: 19    XL:     10   Next: 6%
Magic:  14/14      EV: 12    Int:  9    God:    Ru [......]
Gold:   346        SH:  4    Dex: 14    Spells: 9/9 levels left

rFire    + . .     SeeInvis .   a - +1 war axe
rCold    . . .     Gourm    .   J - +0 buckler
rNeg     . . .     Faith    .   k - +1 scale mail
rPois    .         Spirit   .   c - +0 helmet
rElec    .         Reflect  .   u - +0 cloak
rCorr    +         Harm     .   (no gloves)
MR       +....                  E - +0 pair of boots
Stlth    +++.......             (no amulet)
Regen    0.3/turn               j - ring of protection from magic
MPRegen  0.2/turn               m - ring of resist corrosion

@: drained
A: claws 1, icy blue scales 2, fire resistance 1, nightstalker 3, powered by
death 2, shaggy fur 1, MP-powered wands
a: Sacrifice Skill, Sacrifice Drink, Sacrifice Durability, Reject Sacrifices,
Renounce Religion


You were on level 8 of the Dungeon.
You worshipped Ru.
Ru was noncommittal.
You were not hungry.

You visited 2 branches of the dungeon, and saw 9 of its levels.

You collected 346 gold pieces.

Inventory:

Hand Weapons
 a - a +1 war axe (weapon)
Armour
 c - a +0 helmet (worn)
 k - a +1 scale mail (worn)
 u - a +0 cloak (worn)
 E - a +0 pair of boots (worn)
 J - a +0 buckler (worn)
Jewellery
 j - a ring of protection from magic (left claw)
 m - a ring of resist corrosion (right claw)
Wands
 g - a wand of acid (10/15)
 n - a wand of polymorph (12/24)
 o - a wand of disintegration (4/24)
 A - a wand of scattershot (5/9)
 G - a wand of confusion (33/48)
Scrolls
 h - a scroll of teleportation
 i - a scroll of fear
 l - a scroll of enchant armour
 s - 2 scrolls of fog
 H - a scroll of magic mapping
 K - 3 scrolls of remove curse
Potions
 e - 2 potions of degeneration {unknown}
 p - 4 potions of brilliance {unknown}
 q - a potion of flight
 v - a potion of magic {unknown}
 x - a potion of lignification {unknown}
 z - 2 potions of curing
 B - a potion of berserk rage {unknown}
 C - a potion of haste
 D - a potion of resistance {unknown}
Comestibles
 f - 3 bread rations
 w - a royal jelly


   Skills:
 * Level 8.3(7.7) Fighting
 + Level 5.9(5.3) Axes
 - Level 3.7(3.2) Throwing
 + Level 4.5(3.9) Armour
 + Level 6.0(5.4) Dodging
 + Level 2.2(1.7) Shields
 + Level 5.5(4.9) Evocations


You had 9 spell levels left.
You didn't know any spells.

Dungeon Overview and Level Annotations

Branches:
Dungeon (8/15)             Temple (1/1) D:5
   Lair: D:8-11

Altars:
Fedhas
Kikubaaqudgha
Makhleb
Nemelex Xobeh
Ru
Vehumet
Wu Jian

Annotations:
D:8 Maurice, Prince Ribbit


Innate Abilities, Weirdness & Mutations

You are mostly covered in icy blue scales. (AC +3)
You are completely attuned to the shadows.
You regenerate health from kills.
You have sharp fingernails.
Your flesh is heat resistant. (rF+)
You are covered in fur. (AC +1)
You expend magic power (3 MP) to strengthen your wands.


Message History

The shadow imp barely misses you.
You slash the two-headed ogre!
The two-headed ogre is moderately wounded.
You hit the shadow imp. The shadow imp misses you.
The two-headed ogre misses you.
The two-headed ogre hits you with a giant spiked club!
You hit the two-headed ogre.
The two-headed ogre is heavily wounded.
You closely miss the shadow imp. The shadow imp hits you.
You block the two-headed ogre's attack.
The two-headed ogre hits you with a giant spiked club.
You slash the two-headed ogre!
The two-headed ogre is heavily wounded.
You closely miss the shadow imp. The shadow imp gestures at you.
You easily resist.
The two-headed ogre hits you with a giant spiked club!
* * * LOW HITPOINT WARNING * * *
The two-headed ogre hits you with a giant spiked club!!
You die...

+........#.......
#........#..)....
#........#.......
#........#.......
#........'...(...
#####........#.......
.............#...##..
.....###+#####...###'
...5@# .......#...
..?.O# .......#...
.....# .......#...
[....# .......#...
.....# #####..####
...............##'###.
...............#....#.
...............#....'.
...............#....#.


You could see a two-headed ogre and a shadow imp.

Vanquished Creatures
  A two-headed ogre (D:8)
  Pikel (D:8)
  A water moccasin (D:7)
  A black bear (D:6)
  4 ice beasts
  A phantom (D:8)
  A necrophage (D:6)
  A slave (D:8)
  An ogre (D:6)
  4 centaurs
  3 bullfrogs (D:6)
  A gnoll sergeant (D:8)
  A wyvern skeleton (D:6)
  5 scorpions
  9 wights
  A howler monkey (D:4)
  3 crimson imps (D:5)
  A bullfrog zombie (D:7)
  A centaur zombie (D:8)
  3 hounds
  2 jellies (D:6)
  2 bullfrog skeletons
  Crazy Yiuf (D:6)
  A gnoll shaman (D:7)
  4 orc priests
  An iguana (D:5)
  An orc wizard (D:8)
  3 worker ants (D:5)
  A hound skeleton (D:4)
  6 gnolls
  8 adders
  2 shadow imps
  An ooze (D:1)
  An adder skeleton (D:7)
  2 worms
  A dart slug (D:1)
  5 leopard geckos
  19 orcs
  4 giant cockroaches
  7 goblins
  8 hobgoblins
  3 jackals (D:6)
  9 kobolds
  4 quokkas
  10 bats
  7 frilled lizards
  A leopard gecko skeleton (D:4)
  6 rats
  2 fungi (D:6)
166 creatures vanquished.

Vanquished Creatures (others)
  3 slaves (D:8)
  A howler monkey (D:8)
  2 gnolls (D:8)
6 creatures vanquished.

Grand Total: 172 creatures vanquished

Notes
Turn   | Place    | Note
-------+----------+-------------------------------------------
     0 | D:1      | MTVSty1e the Demonspawn Gladiator began the quest for the Orb.
     0 | D:1      | Reached XP level 1. HP: 16/16 MP: 1/1
    62 | D:1      | Gained mutation: You are partially covered in icy blue scales. (AC +2) [demonic ancestry]
    62 | D:1      | Reached XP level 2. HP: 19/22 MP: 2/2
   675 | D:2      | Gained mutation: You are slightly more attuned to the shadows. [demonic ancestry]
   675 | D:2      | Reached XP level 3. HP: 28/28 MP: 3/3
  1693 | D:3      | Noticed a scorpion
  1699 | D:3      | Gained mutation: You are covered in fur. (AC +1) [potion of mutation]
  1699 | D:3      | Gained mutation: You expend magic power (3 MP) to strengthen your wands. [potion of mutation]
  1699 | D:3      | Gained mutation: You have sharp fingernails. [potion of mutation]
  1699 | D:3      | Gained mutation: Your flesh is heat resistant. (rF+) [potion of mutation]
  1769 | D:3      | Killed a scorpion
  1769 | D:3      | Reached skill level 3 in Fighting
  1769 | D:3      | Gained mutation: You are significantly more attuned to the shadows. [demonic ancestry]
  1769 | D:3      | Reached XP level 4. HP: 13/35 MP: 4/4
  2356 | D:4      | Gained mutation: You are mostly covered in icy blue scales. (AC +3) [demonic ancestry]
  2356 | D:4      | Reached XP level 5. HP: 37/41 MP: 5/5
  2591 | D:4      | Found a sparkling altar of Nemelex Xobeh.
  2625 | D:4      | Reached skill level 1 in Evocations
  2646 | D:4      | Gained mutation: You regenerate a little health from kills. [demonic ancestry]
  2646 | D:4      | Reached XP level 6. HP: 41/48 MP: 6/6
  2656 | D:4      | Reached skill level 4 in Fighting
  2829 | D:4      | Reached skill level 1 in Armour
  3245 | D:5      | Entered Level 5 of the Dungeon
  3426 | D:5      | Gained mutation: You regenerate health from kills. [demonic ancestry]
  3426 | D:5      | Reached XP level 7. HP: 54/55 MP: 8/8
  3613 | D:5      | Found a blossoming altar of Fedhas.
  3613 | D:5      | Found an ancient bone altar of Kikubaaqudgha.
  4004 | D:5      | Reached skill level 5 in Fighting
  4221 | D:5      | Found a staircase to the Ecumenical Temple.
  4308 | Temple   | Entered the Ecumenical Temple
  4312 | Temple   | Became a worshipper of Ru the Awakened
  4572 | D:6      | Gained mutation: You are completely attuned to the shadows. [demonic ancestry]
  4572 | D:6      | Reached XP level 8. HP: 62/63 MP: 10/10
  4974 | D:6      | Reached skill level 6 in Fighting
  5194 | D:6      | Reached skill level 5 in Axes
  5655 | D:6      | Found a blossoming altar of Fedhas.
  5732 | D:6      | Reached skill level 5 in Dodging
  5973 | D:6      | Found a runed door.
  5977 | D:6      | Noticed Crazy Yiuf
  5983 | D:6      | Killed Crazy Yiuf
  6053 | D:7      | Reached XP level 9. HP: 70/70 MP: 12/12
  6176 | D:7      | Reached skill level 7 in Fighting
  7393 | D:8      | Noticed Pikel
  7406 | D:8      | Killed Pikel
  7406 | D:8      | Reached skill level 1 in Shields
  7462 | D:8      | Found an ornate altar of the Wu Jian Council.
  7603 | D:8      | Noticed a two-headed ogre
  7617 | D:8      | Killed a two-headed ogre
  7617 | D:8      | Reached skill level 8 in Fighting
  7617 | D:8      | Reached skill level 5 in Evocations
  7883 | D:8      | Noticed Prince Ribbit
  8046 | D:8      | Noticed Maurice
  8062 | D:8      | Reached XP level 10. HP: 50/79 MP: 7/14
  8332 | D:8      | Noticed a two-headed ogre
  8343 | D:8      | Slain by a two-headed ogre

Vault maps used:
D:1:      evilmike_arrival_home_sweet_home
D:4:      first_bread, minivault_11, wad_floor_pattern_1,
          corexii_hall_statues_deadend, nemelex_spade_bored_becter
D:5:      grunt_temple_overflow_growth_and_decay, minmay_temple_entry_statues
D:6:      corexii_shack_village, fedhas_altar_2, uniq_crazy_yiuf_cottage
D:8:      basic_altar, grunt_ogre_cave, kennysheep_flooded_box,
          uniq_prince_ribbit1, uniq_pikel, uniq_maurice
Temple:   kb_temple_of_zot

Skill      XL: |  1  2  3  4  5  6  7  8  9 10 |
---------------+-------------------------------+-----
Throwing       | 2 3 |  3.7
Axes           | 3 4 5 |  5.9
Fighting       | 3 4 5 6 8 |  8.3
Dodging        | 3 4 5 6 |  6.0
Evocations     | 1 2 3 4 5 |  5.5
Armour         | 1 2 3 4 |  4.5
Shields        | 2 |  2.2

Action                   |  1- 3 |  4- 6 |  7- 9 | 10-12 || total
-------------------------+-------+-------+-------+-------++-------
Melee: War axe           |   109 |   113 |   354 |    55 ||   631
       Unarmed           |       |       |     6 |       ||     6
Evoke: Wand              |       |       |     5 |       ||     5
  Use: Scroll            |     1 |       |    14 |       ||    15
       Potion            |     4 |       |       |     4 ||     8
 Stab: Sleeping          |       |     6 |    17 |     1 ||    24
       Distracted        |       |       |     1 |       ||     1
  Eat: Bread ration      |     1 |     1 |     2 |     1 ||     5
       Fruit             |       |       |     1 |       ||     1
       Royal jelly       |       |       |     2 |       ||     2
       Chunk             |       |       |     1 |       ||     1
Armor: Leather armour    |    24 |       |       |       ||    24
       Scale mail        |    36 |    53 |   225 |    22 ||   336
       Skin              |       |       |     2 |       ||     2
Dodge: Dodged            |    74 |    61 |   261 |    52 ||   448
Block: Buckler           |       |       |    28 |    17 ||    45
